 Dungeon Crawl Stone Soup version 0.28-a0-724-g66f9036eb4 (webtiles) character file.

Game seed: 5834202810860997106

54 AarnesTheHuman the Covered (level 3, -11/30 HPs)
             Began as a Barachi Fighter on Oct 27, 2021.
             Killed by divine providence
             ... invoked by an orc priest
              (14 damage)
             ... on level 2 of the Dungeon.
             The game lasted 00:01:20 (1326 turns).

AarnesTheHuman the Covered (Barachi Fighter)        Turns: 1326, Time: 00:01:21

Health: -11/30     AC:  7    Str: 18    XL:     3   Next: 91%
Magic:  3/3        EV:  9    Int:  8    God:
Gold:   92         SH:  0    Dex: 11    Spells: 2/2 levels left

rFire   . . .      SeeInvis .   a - +0 long sword
rCold   . . .      Faith    .   c - +0 buckler
rNeg    . . .      Spirit   .   b - +0 scale mail
rPois   .          Reflect  .   (no helmet)
rElec   .          Harm     .   (no cloak)
rCorr   .          Rampage  .   (no gloves)
Will    .....                   (no boots)
Stlth   ..........              (no amulet)
HPRegen 0.10/turn               (no ring)
MPRegen 0.08/turn               (no ring)

@: confused, mighty, slow
A: amphibious, slowness 1, strong legs 1, +LOS
a: Hop


You were on level 2 of the Dungeon.
You visited 1 branch of the dungeon, and saw 2 of its levels.

You collected 92 gold pieces.

Inventory:

Hand Weapons
 a - a +0 long sword (weapon)
 f - a +0 hunting sling
Missiles
 e - 81 stones
Armour
 b - a +0 scale mail (worn)
 c - a +0 buckler (worn)
Scrolls
 g - a scroll of fog {unknown}
 h - a scroll of noise {unknown}
 i - a scroll of vulnerability {unknown}
 j - a scroll of identify {unknown}
Potions
 d - a potion of might


   Skills:
 + Level 4.2 Fighting
 + Level 3.2 Long Blades
 + Level 4.2 Armour
 + Level 3.8 Shields


You had 2 spell levels left.
You didn't know any spells.
Your spell library contained the following spells:

 Spells                   Type           Power      Damage    Failure   Level
 Corpse Rot               Necr/Air       0%         N/A       90%         2
 Poisonous Vapours        Pois/Air       0%         N/A       90%         2


Dungeon Overview and Level Annotations

Branches:
Dungeon (2/15)

Altars:


Innate Abilities, Weirdness & Mutations

You are amphibious.
You cover ground slowly.
You can hop short distances.
You have an extended range of vision and can be seen from far away.


Message History

You hit the adder.
The adder is moderately wounded.
You feel sick. The adder bites you but does no damage.
You barely miss the adder.
The adder is moderately wounded.
You feel sick. The adder bites you but does no damage. The adder bites you.
* * * LOW HITPOINT WARNING * * *
You hit the adder.
The adder is heavily wounded.
You feel sick. The adder bites you.
* * * LOW HITPOINT WARNING * * *
The adder closely misses you.
You closely miss the adder.
The adder is heavily wounded.
You feel sick.
You are no longer poisoned.
The adder bites you but does no damage.
You miss the adder.
The adder is heavily wounded.
The adder closely misses you. x2
You barely miss the adder.
The adder is heavily wounded.
You block the adder's attack. The adder misses you.
Your scale mail prevents you from hitting the adder.
The adder is heavily wounded.
The adder barely misses you.
You slash the adder!
You kill the adder!
You hear some strange, mumbled words.
You are confused.
You hit the orc priest but do no damage.
The orc priest hits you with a +0 dagger of electrocution.
* * * LOW HITPOINT WARNING * * *
You feel very mighty all of a sudden. The orc priest closely misses you.
You slash the orc priest!
The orc priest is heavily wounded.
The orc priest calls down the wrath of Beogh upon you.
Beogh smites you!
You die...

#+#########
..........#
..........#
..........# ######
..........###....###
........ooo@'......#
###....o###.....##
.........##
#.....##########
#.######.#
#........##..... #.#
#....###.##.#### #.#
#....# #.##.#
##.####....###.##.#
.......<..##.#.##.####
##.######.##.#........


You could see an orc priest and 3 orcs.

Vanquished Creatures
  2 adders (D:2)
  A dart slug (D:1)
  An endoplasm (D:1)
  3 goblins
  3 hobgoblins
  8 jackals (D:1)
  6 kobolds
  3 ball pythons
  A bat (D:1)
  2 frilled lizards
  A rat (D:1)
31 creatures vanquished.

Vanquished Creatures (others)
  5 toadstools (D:1)
5 creatures vanquished.

Grand Total: 36 creatures vanquished

Notes
Turn   | Place    | Note
-------+----------+-------------------------------------------
     0 | D:1      | AarnesTheHuman the Barachi Fighter began the quest for the
                  | Orb.
     0 | D:1      | Reached XP level 1. HP: 18/18 MP: 1/1
    36 | D:1      | Reached XP level 2. HP: 17/25 MP: 2/2
   562 | D:1      | Reached XP level 3. HP: 28/30 MP: 3/3
   815 | D:1      | Found a faded altar of an unknown god.
  1326 | D:2      | Killed from afar by an orc priest

Illustrated notes

Levels and vault maps discovered:
D:1:      ldierk_walled_garden, layout_rooms,
          shapermc_ecumenical_altar_totnotflames
D:2:      layout_basic

Skill      XL: |  1  2 |
---------------+-------+-----
Fighting       | 4 |  4.2
Long Blades    | 3 |  3.2
Armour         | 4 |  4.2
Shields        | |  3.8

Action                   || total
-------------------------++-------
Melee: Long sword        ||   104
  Use: Potion            ||     1
Armor: Scale mail        ||    66
Dodge: Dodged            ||    63
Block: Buckler           ||    22

Table legend: (Time is in decaauts)
 A = Elapsed time spent in this place.
 B = Non-inter-level travel time spent in this place.
 C = Inter-level travel time spent in this place.
 D = Time resting spent in this place.
 E = Time spent auto-exploring this place.
 F = Levels seen in this place.
 G = Mean time per level.
                   A        B        C        D        E       F      G
               +--------+--------+--------+--------+--------+-----+--------+
         Total |   1499 |   1468 |     31 |    125 |   1088 |   2 |  749.5 |
       Dungeon |   1499 |   1468 |     31 |    125 |   1088 |   2 |  749.5 |
               +--------+--------+--------+--------+--------+-----+--------+

Top non-repeatable levels by time:
     D:1: 976 daAuts
     D:2: 523 daAuts
